| TOP OF THE 1ST |
|
Madison Brewers batting - Pitching for Oakland Oaks : RHP Alex Garrett
|
|
Pitching: RHP Alex Garrett
|
|
|
Batting: RHB Hector Silva
|
0-0: Called Strike 0-1: SINGLE (Groundball, 25, EV 61.2 MPH) (infield hit)
|
|
Batting: RHB Chris Fruit
|
0-0: SINGLE (Line Drive, 56, EV 98.1 MPH) Hector Silva to second
|
|
Batting: SHB Aaron Neill
|
0-0: Called Strike 0-1: Called Strike 0-2: Ball 1-2: Foul Ball, location: 2F 1-2: Fielders Choice at 2nd, 4-6 (Groundball, 4MD, EV 83.8 MPH) Hector Silva to third
|
|
Batting: SHB Jerry Duffy
|
0-0: Called Strike 0-1: Called Strike Aaron Neill steals 2nd base 0-2: Foul Ball, location: 2F 0-2: Ball 1-2: Ground out 1-3 (Groundball, 13S, EV 70.6 MPH)
|
|
Batting: SHB Ramon Perez
|
0-0: Ball 1-0: Called Strike 1-1: Swinging Strike 1-2: Strikes out looking
|
| Top of the 1st over - 0 runs, 2 hits, 0 errors, 2 left on base; Madison 0 - Oakland 0 |
| BOTTOM OF THE 1ST |
|
Oakland Oaks batting - Pitching for Madison Brewers : RHP Tom Wendel
|
|
Pitching: RHP Tom Wendel
|
|
|
Batting: RHB Brian Callaghan
|
0-0: Ball 1-0: Reached on error, E5 (Groundball, 5L, EV 91.2 MPH)
|
|
Batting: RHB Scott Lister
|
0-0: Called Strike 0-1: Ball 1-1: Ball 2-1: Ball 3-1: Base on Balls
|
|
Batting: LHB Alejandro Muniz
|
0-0: Fly out, F9 (Flyball, 9, EV 88.1 MPH)
|
|
Batting: SHB Steve Salafia
|
0-0: Called Strike 0-1: Ball Brian Callaghan steals 3rd base (no throw) Scott Lister to second 1-1: Ball 2-1: Ball 3-1: Ground out 4-3 (Groundball, 4, EV 104.4 MPH) Brian Callaghan scores Scott Lister to third
|
|
Batting: LHB Mike Murphy
|
0-0: Ball 1-0: Foul Ball, location: 2F 1-1: Foul Ball, location: 2F 1-2: Ball 2-2: Ball 3-2: SINGLE (Groundball, 34D, EV 110.0 MPH) Scott Lister scores
|
|
Batting: LHB Marcus Pollard
|
0-0: Ball 1-0: Called Strike 1-1: Ball 2-1: Foul Ball, location: 2F 2-2: Fly out, F7 (Line Drive, 7, EV 86.9 MPH)
|
| Bottom of the 1st over - 2 runs, 1 hit, 1 error, 1 left on base; Madison 0 - Oakland 2 |
| TOP OF THE 2ND |
|
Madison Brewers batting - Pitching for Oakland Oaks : RHP Alex Garrett
|
|
Batting: LHB Steven Donovan
|
0-0: Ball 1-0: Foul Ball, location: 2F 1-1: Swinging Strike 1-2: Strikes out looking
|
|
Batting: RHB Herb McIntyre
|
0-0: Ball 1-0: Ball 2-0: Foul Ball, location: 2F 2-1: SINGLE (Line Drive, 7S, EV 96.9 MPH)
|
|
Batting: RHB Leo Serrano
|
0-0: Ball 1-0: Ball Herb McIntyre steals 2nd base 2-0: Called Strike 2-1: 2-RUN HOME RUN (Flyball, 7LD, EV 97.5 MPH), Distance : 352 ft
|
|
Batting: RHB Justin Marino
|
0-0: Ball 1-0: Ball 2-0: Ball 3-0: Called Strike 3-1: Base on Balls
|
|
Pitching: RHP Chad Cooper
|
|
|
Batting: RHB Hector Silva
|
0-0: Ball 1-0: Called Strike 1-1: Ball 2-1: Foul Ball, location: 2F 2-2: Grounds into double play, 6-4-3 (Groundball, 6, EV 106.9 MPH)
|
| Top of the 2nd over - 2 runs, 2 hits, 0 errors, 0 left on base; Madison 2 - Oakland 2 |
| BOTTOM OF THE 2ND |
|
Oakland Oaks batting - Pitching for Madison Brewers : RHP Tom Wendel
|
|
Batting: RHB Jon Coakley
|
0-0: Foul Ball, location: 2F 0-1: Ground out 5-3 (Groundball, 56, EV 99.4 MPH)
|
|
Batting: RHB Jake Leffel
|
0-0: Called Strike 0-1: Swinging Strike 0-2: Ball 1-2: Ball 2-2: Ball 3-2: Single, Error in OF, E9, batter to second base (Groundball, 34D, EV 100.0 MPH)
|
|
Batting: RHB Alberto Malagon
|
0-0: Ball 1-0: Foul Ball, location: 2F 1-1: Ball 2-1: Ball 3-1: SINGLE (Groundball, 6M, EV 110.0 MPH) (infield hit) Jake Leffel to third
|
|
Batting: RHB Brian Callaghan
|
0-0: Called Strike 0-1: Called Strike 0-2: Fly out, F6 (Line Drive, 6, EV 69.4 MPH)
|
|
Batting: RHB Scott Lister
|
0-0: Called Strike 0-1: Foul Ball, location: 2F 0-2: Ball 1-2: Strikes out swinging
|
| Bottom of the 2nd over - 0 runs, 2 hits, 1 error, 2 left on base; Madison 2 - Oakland 2 |
| TOP OF THE 3RD |
|
Madison Brewers batting - Pitching for Oakland Oaks : RHP Chad Cooper
|
|
Batting: RHB Chris Fruit
|
0-0: Ball 1-0: Ball 2-0: Called Strike 2-1: Ball 3-1: Foul Ball, location: 2F 3-2: Fly out, F9 (Flyball, 9, EV 71.2 MPH)
|
|
Batting: SHB Aaron Neill
|
0-0: Foul Ball, location: 2F 0-1: Ball 1-1: Foul Ball, location: 2F 1-2: Ground out 6-3 (Groundball, 6, EV 85.6 MPH)
|
|
Batting: SHB Jerry Duffy
|
0-0: Called Strike 0-1: Ball 1-1: Foul Ball, location: 2F 1-2: Fly out, F9 (Flyball, 9D, EV 86.9 MPH)
|
| Top of the 3rd over - 0 runs, 0 hits, 0 errors, 0 left on base; Madison 2 - Oakland 2 |
| BOTTOM OF THE 3RD |
|
Oakland Oaks batting - Pitching for Madison Brewers : RHP Tom Wendel
|
|
Batting: LHB Alejandro Muniz
|
0-0: Called Strike 0-1: Ground out 4-3 (Groundball, 4, EV 84.4 MPH)
|
|
Batting: SHB Steve Salafia
|
0-0: Ground out 5-3 (Groundball, 56, EV 76.2 MPH)
|
|
Batting: LHB Mike Murphy
|
0-0: Called Strike 0-1: Ball 1-1: Foul Ball, location: 2F 1-2: Ball 2-2: Ground out 6-3 (Groundball, 6S, EV 78.1 MPH)
|
| Bottom of the 3rd over - 0 runs, 0 hits, 0 errors, 0 left on base; Madison 2 - Oakland 2 |
| TOP OF THE 4TH |
|
Madison Brewers batting - Pitching for Oakland Oaks : RHP Chad Cooper
|
|
Batting: SHB Ramon Perez
|
0-0: Ball 1-0: Ground out 4-3 (Groundball, 4, EV 101.2 MPH)
|
|
Batting: LHB Steven Donovan
|
0-0: Ball 1-0: Foul Ball, location: 2F 1-1: Foul Ball, location: 2F 1-2: Foul Ball, location: 2F 1-2: Ball 2-2: Strikes out swinging
|
|
Pinch Hitting: LHB Sal Burgos
|
0-0: Ball 1-0: Called Strike 1-1: Swinging Strike 1-2: Foul Ball, location: 2F 1-2: Ball 2-2: Strikes out looking
|
| Top of the 4th over - 0 runs, 0 hits, 0 errors, 0 left on base; Madison 2 - Oakland 2 |
| BOTTOM OF THE 4TH |
|
Oakland Oaks batting - Pitching for Madison Brewers : RHP Tom Wendel
|
|
Now at 2B: C.J. Olivares
|
|
|
Batting: LHB Marcus Pollard
|
0-0: Called Strike 0-1: SINGLE (Line Drive, 34D, EV 97.5 MPH)
|
|
Batting: RHB Jon Coakley
|
0-0: Ball 1-0: Fly out, F8 (Line Drive, 8RM, EV 91.2 MPH)
|
|
Batting: RHB Jake Leffel
|
0-0: SINGLE (Groundball, 56D, EV 100.0 MPH) Marcus Pollard to second
|
|
Batting: RHB Alberto Malagon
|
0-0: Ball 1-0: Called Strike 1-1: Ball 2-1: Ball 3-1: Base on Balls Marcus Pollard to third Jake Leffel to second
|
|
Batting: RHB Brian Callaghan
|
0-0: Foul Ball, location: 2F 0-1: Ball 1-1: Foul Ball, location: 2F 1-2: Ball 2-2: Ball 3-2: Fly out, F8 (Flyball, 8RM, EV 98.8 MPH)
|
|
Batting: RHB Scott Lister
|
0-0: Ball 1-0: Ball 2-0: Foul Ball, location: 2F 2-1: Called Strike 2-2: Reached via error on a dropped throw from SS, E4 (Groundball, 6, EV 91.9 MPH) Marcus Pollard scores Jake Leffel to third Alberto Malagon to second
|
|
Batting: LHB Alejandro Muniz
|
0-0: SINGLE (Flyball, 8LS, EV 93.1 MPH) Jake Leffel scores Alberto Malagon to third Scott Lister to second Runner from 3rd tries for Home, throw by CF and OUT! 8-2
|
| Bottom of the 4th over - 2 runs, 3 hits, 1 error, 2 left on base; Madison 2 - Oakland 4 |
| TOP OF THE 5TH |
|
Madison Brewers batting - Pitching for Oakland Oaks : RHP Chad Cooper
|
|
Batting: RHB Leo Serrano
|
0-0: Called Strike 0-1: Ball 1-1: Ball 2-1: Foul Ball, location: 2F 2-2: Strikes out swinging
|
|
Pinch Hitting: SHB Sam Bingham
|
0-0: Foul Ball, location: 2F 0-1: Ball 1-1: Ball 2-1: Called Strike 2-2: Foul Ball, location: 2F 2-2: Foul Ball, location: 2F 2-2: Strikes out swinging
|
|
Batting: RHB Hector Silva
|
0-0: Called Strike 0-1: Ball 1-1: Called Strike 1-2: Strikes out swinging
|
| Top of the 5th over - 0 runs, 0 hits, 0 errors, 0 left on base; Madison 2 - Oakland 4 |
| BOTTOM OF THE 5TH |
|
Oakland Oaks batting - Pitching for Madison Brewers : RHP Tom Wendel
|
|
Now at SS: Sam Bingham
|
|
|
Batting: SHB Steve Salafia
|
0-0: Called Strike 0-1: Ball 1-1: Fly out, F7 (Flyball, 7LM, EV 104.4 MPH)
|
|
Batting: LHB Mike Murphy
|
0-0: Called Strike 0-1: Ball 1-1: Swinging Strike 1-2: Ball 2-2: Ball 3-2: Ground out 3-1 (Groundball, 34, EV 80.6 MPH)
|
|
Batting: LHB Marcus Pollard
|
0-0: Ball 1-0: Called Strike 1-1: Fly out, F7 (Flyball, 7LS, EV 81.2 MPH)
|
| Bottom of the 5th over - 0 runs, 0 hits, 0 errors, 0 left on base; Madison 2 - Oakland 4 |
| TOP OF THE 6TH |
|
Madison Brewers batting - Pitching for Oakland Oaks : RHP Chad Cooper
|
|
Batting: RHB Chris Fruit
|
0-0: Ball 1-0: Fly out, F7 (Flyball, 7D, EV 83.8 MPH)
|
|
Batting: SHB Aaron Neill
|
0-0: Ball 1-0: Foul Ball, location: 2F 1-1: Foul Ball, location: 2F 1-2: Foul Ball, location: 2F 1-2: Ball 2-2: Ball 3-2: Ground out 5-3 (Groundball, 5, EV 101.9 MPH)
|
|
Batting: SHB Jerry Duffy
|
0-0: Ball 1-0: Foul Ball, location: 2F 1-1: Foul Ball, location: 2F 1-2: Strikes out swinging
|
| Top of the 6th over - 0 runs, 0 hits, 0 errors, 0 left on base; Madison 2 - Oakland 4 |
| BOTTOM OF THE 6TH |
|
Oakland Oaks batting - Pitching for Madison Brewers : RHP Tom Wendel
|
|
Batting: RHB Jon Coakley
|
0-0: Called Strike 0-1: Ball 1-1: Swinging Strike 1-2: Strikes out swinging
|
|
Batting: RHB Jake Leffel
|
0-0: Foul Ball, location: 2F 0-1: SINGLE (Line Drive, 89M, EV 103.1 MPH)
|
|
Batting: RHB Alberto Malagon
|
0-0: Ball 1-0: Called Strike 1-1: Fly out, F8 (Flyball, 8RD, EV 101.9 MPH)
|
|
Batting: RHB Brian Callaghan
|
0-0: Ball 1-0: Swinging Strike 1-1: Ball 2-1: DOUBLE (Flyball, 89D, EV 100.6 MPH) Jake Leffel to third
|
|
Batting: RHB Scott Lister
|
0-0: Foul Ball, location: 2F 0-1: Ground out 1-3 (Groundball, 13S, EV 67.5 MPH)
|
| Bottom of the 6th over - 0 runs, 2 hits, 0 errors, 2 left on base; Madison 2 - Oakland 4 |
| TOP OF THE 7TH |
|
Madison Brewers batting - Pitching for Oakland Oaks : RHP Chad Cooper
|
|
Pitching: RHP Charlie Shook
|
|
|
Batting: SHB Ramon Perez
|
0-0: Ball 1-0: Called Strike 1-1: Swinging Strike 1-2: Foul Ball, location: 2F 1-2: Foul Ball, location: 2F 1-2: Ball 2-2: DOUBLE (Flyball, 9LD, EV 104.4 MPH)
|
|
Batting: LHB Steven Donovan
|
0-0: Called Strike 0-1: Foul Ball, location: 2F 0-2: Ball 1-2: Foul Ball, location: 2F 1-2: Ball 2-2: Ball Wild Pitch! Ramon Perez to third 3-2: SINGLE (Line Drive, 78S, EV 102.5 MPH) Ramon Perez scores
|
|
Batting: SHB C.J. Olivares
|
0-0: Sac Bunt to 2L - play at first, batter OUT! 2-4 Steven Donovan to second
|
|
Batting: RHB Leo Serrano
|
0-0: Ball 1-0: Foul Ball, location: 2F 1-1: Swinging Strike 1-2: Strikes out looking
|
|
Batting: SHB Sam Bingham
|
0-0: Called Strike 0-1: Ball 1-1: Foul Ball, location: 2F 1-2: Ball 2-2: Ball 3-2: DOUBLE (Flyball, 78XD, EV 103.8 MPH) Steven Donovan scores
|
|
Batting: RHB Hector Silva
|
0-0: Swinging Strike 0-1: Fly out, F5 (Line Drive, 5, EV 70.6 MPH)
|
| Top of the 7th over - 2 runs, 3 hits, 0 errors, 1 left on base; Madison 4 - Oakland 4 |
| BOTTOM OF THE 7TH |
|
Oakland Oaks batting - Pitching for Madison Brewers : RHP Tom Wendel
|
|
Pitching: RHP Joe Gonzales
|
|
|
Batting: LHB Alejandro Muniz
|
0-0: Called Strike 0-1: SINGLE (Groundball, 56D, EV 100.6 MPH)
|
|
Batting: SHB Steve Salafia
|
0-0: Ball 1-0: SINGLE (Groundball, 34D, EV 80.0 MPH) (infield hit) Alejandro Muniz to second
|
|
Pinch Runner at 2nd Emiel Schlepers:
|
|
|
Batting: LHB Mike Murphy
|
0-0: Foul Ball, location: 2F 0-1: Foul Ball, location: 2F 0-2: Foul Ball, location: 2F 0-2: Strikes out swinging
|
|
Batting: LHB Marcus Pollard
|
0-0: Fly out, F7 (Flyball, 7LM, EV 95.6 MPH) Runner from 2nd tags up, OUT at 3rd! 7-5
|
| Bottom of the 7th over - 0 runs, 2 hits, 0 errors, 1 left on base; Madison 4 - Oakland 4 |
| TOP OF THE 8TH |
|
Madison Brewers batting - Pitching for Oakland Oaks : RHP Charlie Shook
|
|
Now at 1B: Igor Ciobanu
|
|
|
Pinch Hitting: LHB Rick Campbell
|
0-0: SINGLE (Groundball, 56D, EV 96.9 MPH)
|
|
Batting: SHB Aaron Neill
|
0-0: Foul Ball, location: 2F 0-1: Swinging Strike 0-2: Ball 1-2: Ball 2-2: Strikes out swinging
|
|
Batting: SHB Jerry Duffy
|
0-0: Called Strike Rick Campbell steals 2nd base 0-1: Ball 1-1: Ball 2-1: Ball 3-1: Ground out 4-3 (Groundball, 4, EV 79.4 MPH) Rick Campbell to third
|
|
Batting: SHB Ramon Perez
|
0-0: Ball 1-0: Foul Ball, location: 2F 1-1: Swinging Strike 1-2: Strikes out swinging
|
| Top of the 8th over - 0 runs, 1 hit, 0 errors, 1 left on base; Madison 4 - Oakland 4 |
| BOTTOM OF THE 8TH |
|
Oakland Oaks batting - Pitching for Madison Brewers : RHP Joe Gonzales
|
|
Now at 1B: Drew Forbess
|
|
|
Batting: RHB Jon Coakley
|
0-0: Called Strike 0-1: Called Strike 0-2: Foul Ball, location: 2F 0-2: Foul Ball, location: 2F 0-2: Ball 1-2: Strikes out swinging
|
|
Pinch Hitting: LHB Felipe Gomez
|
0-0: Called Strike 0-1: Ball 1-1: Ball 2-1: Ball 3-1: Called Strike 3-2: Foul Ball, location: 2F 3-2: Base on Balls
|
|
Batting: RHB Alberto Malagon
|
0-0: Ball 1-0: Called Strike Felipe Gomez is caught stealing 2nd base 2-4 1-1: Foul Ball, location: 2F 1-2: Ball 2-2: Foul Ball, location: 2F 2-2: Strikes out swinging
|
| Bottom of the 8th over - 0 runs, 0 hits, 0 errors, 0 left on base; Madison 4 - Oakland 4 |
| TOP OF THE 9TH |
|
Madison Brewers batting - Pitching for Oakland Oaks : RHP Charlie Shook
|
|
Pitching: RHP Caleb Hansberger
|
|
|
Now in CF: Felipe Gomez
|
|
|
Batting: LHB Steven Donovan
|
0-0: Called Strike 0-1: Foul Ball, location: 2F 0-2: Strikes out swinging
|
|
Batting: SHB C.J. Olivares
|
0-0: Ball 1-0: Called Strike 1-1: Ball 2-1: Foul Ball, location: 2F 2-2: Ground out 3-1 (Groundball, 34, EV 86.2 MPH)
|
|
Pinch Hitting: LHB Danny Bautista
|
0-0: Called Strike 0-1: Swinging Strike 0-2: Strikes out swinging
|
| Top of the 9th over - 0 runs, 0 hits, 0 errors, 0 left on base; Madison 4 - Oakland 4 |
| BOTTOM OF THE 9TH |
|
Oakland Oaks batting - Pitching for Madison Brewers : RHP Joe Gonzales
|
|
Pitching: RHP Omar Morales
|
|
|
Now at C: Michael Dickerson
|
|
|
Batting: RHB Brian Callaghan
|
0-0: Ball 1-0: SINGLE (Groundball, 56D, EV 96.9 MPH)
|
|
Batting: RHB Scott Lister
|
0-0: Ball 1-0: Called Strike 1-1: Ball Brian Callaghan steals 2nd base 2-1: Fly out, F7 (Flyball, 7, EV 90.0 MPH)
|
|
Batting: LHB Igor Ciobanu
|
0-0: Ball 1-0: Called Strike 1-1: Foul Ball, location: 2F 1-2: Ball 2-2: Ball 3-2: Fly out, F3 (Line Drive, 3, EV 60.6 MPH)
|
|
Batting: SHB Steve Salafia
|
0-0: Called Strike 0-1: Called Strike 0-2: Strikes out swinging
|
| Bottom of the 9th over - 0 runs, 1 hit, 0 errors, 1 left on base; Madison 4 - Oakland 4 |
| TOP OF THE 10TH |
|
Madison Brewers batting - Pitching for Oakland Oaks : RHP Caleb Hansberger
|
|
Batting: SHB Sam Bingham
|
0-0: Ball 1-0: Called Strike 1-1: Ball 2-1: Ball 3-1: Called Strike 3-2: Foul Ball, location: 2F 3-2: Foul Ball, location: 2F 3-2: Strikes out swinging
|
|
Batting: RHB Hector Silva
|
0-0: Called Strike 0-1: Ball 1-1: Ball 2-1: Ball 3-1: Base on Balls
|
|
Batting: RHB Drew Forbess
|
0-0: Ball Pickoff Throw by Catcher to First - Out! 1-0: Fly out, F3 (Popup, 3, EV 65.0 MPH)
|
| Top of the 10th over - 0 runs, 0 hits, 0 errors, 0 left on base; Madison 4 - Oakland 4 |
| BOTTOM OF THE 10TH |
|
Oakland Oaks batting - Pitching for Madison Brewers : RHP Omar Morales
|
|
Batting: LHB Mike Murphy
|
0-0: Ball 1-0: Single, Error in OF, E7, batter to second base (Groundball, 56D, EV 105.0 MPH)
|
|
Batting: LHB Marcus Pollard
|
0-0: Ball 1-0: Called Strike 1-1: 2-RUN HOME RUN (Flyball, 8RXD, EV 113.8 MPH), Distance : 463 ft
|
| Bottom of the 10th over - 2 runs, 2 hits, 1 error, 0 left on base; Madison 4 - Oakland 6 |
| |
|
Game Over ... Oakland defeats Madison, 6 to 4
|
|
|